 Dungeon Crawl Stone Soup version 0.31.0-10-gcf4a605ca0 (webtiles) character file.

Game seed: 11584698015540770710

484126 mdonais the Impregnable (level 26, -46/231 HPs)
             Began as a Formicid Delver on Jan 25, 2024.
             Was the Champion of the Shining One.
             Killed from afar by an iron giant (73 damage)
             ... with an iron shot
             ... on level 1 of the Depths.
             The game lasted 03:11:35 (54310 turns).

mdonais the Impregnable (Formicid Delver)          Turns: 54310, Time: 03:11:35

Health: -46/231    AC: 42    Str: 39    XL:     26   Next: 17%
Magic:  33/36      EV: 18    Int: 19    God:    the Shining One [******]
Gold:   720        SH: 18    Dex: 15    Spells: 27/27 levels left

rFire   + + .        O - +9 giant spiked club (freeze)
rCold   + . .        (shield currently unavailable)
rNeg    + + +        o - +4 crystal plate armour
rPois   +            (helmet unavailable)
rElec   +            c - scarf of the Hairy God {rC+ rF+, Regen+ Str+6 Slay-2 Stlth+}
rCorr   +            d - +1 pair of gloves of Zin's Wrath {Rampage rPois}
SInv    +            t - +2 pair of boots of Pan-Flutes {^Contam Int+7}
Will    +++..        T - amulet "Roedeo" {Reflect rN+ Str+3 SH+5} Stlth
                     W - ring "Losaruestra" {rElec rCorr EV+5 Str+3 Stlth+}
HPRegen 1.38/turn    h - ring "Atoineme" {rF+ Will+}
MPRegen 0.25/turn

%: reflection, rampage
@: lethally poisoned (-46 -> -47), divinely shielded, glowing, studying 2 skills
A: permanent stasis, dig shafts and tunnels, antennae 3, four strong arms,
deterioration 1
}: 2/15 runes: barnacled, gossamer
a: Dig, Shaft Self, Renounce Religion, Divine Shield, Cleansing Flame, Summon
Divine Warrior, Brand Weapon With Holy Wrath


You were on level 1 of the Depths.
You worshipped the Shining One.
The Shining One was exalted by your worship.
You visited 9 branches of the dungeon, and saw 39 of its levels.
You also visited: Ossuary, Gauntlet, Ice Cave and Wizlab.

You collected 6562 gold pieces.
You spent 5842 gold pieces at shops.

Inventory:

Hand Weapons
 M - the +3 sling of the Inquisitive Mouths {elec, rElec Int-5 Stlth+}
   (You found it on level 3 of the Elven Halls)

   Int-5:     It affects your intelligence (-5).
   rElec:     It insulates you from electricity.
   Stlth+:    It makes you more stealthy.
 O - a +9 giant spiked club of freezing (weapon)
   (You took it off an ogre on level 6 of the Dungeon)
Missiles
 x - 14 silver javelins (quivered)
 F - 14 curare-tipped darts
 J - 14 atropa-tipped darts
 Z - a throwing net {=!f}
Armour
 a - the +1 crystal plate armour "Heutom" {Rampage rF+++ Str-4 Int+3}
   (You took it off an orc on level 6 of the Dungeon)

   Str-4:     It affects your strength (-4).
   Int+3:     It affects your intelligence (+3).
   rF+++:     It renders you almost immune to fire.
   Rampage:   It bestows one free step when moving towards enemies.
 c - the scarf of the Hairy God (worn) {rC+ rF+, Regen+ Str+6 Slay-2 Stlth+}
   (You acquired it on level 1 of the Shoals)

   Str+6:     It affects your strength (+6).
   Slay-2:    It affects your accuracy & damage with ranged weapons and melee
   (-2).
   Regen+:    It increases your rate of health regeneration.
   Stlth+:    It makes you more stealthy.
 d - the +1 pair of gloves of Zin's Wrath (worn) {Rampage rPois}
   (You acquired it on level 6 of the Dungeon)

   rPois:     It protects you from poison Rampage: It bestows one free step when
   moving towards enemies.
 o - a +4 crystal plate armour (worn)
   (You bought it in a shop on level 4 of the Vaults)
 p - a +2 cloak of willpower
   (You found it on level 2 of the Lair of Beasts)
 s - the +1 cloak of the Postmodern Priests {Regen+ Int+5 Dex-4}
   (You found it in a Gauntlet)

   Int+5:     It affects your intelligence (+5).
   Dex-4:     It affects your dexterity (-4).
   Regen+:    It increases your rate of health regeneration.
 t - the +2 pair of boots of Pan-Flutes (worn) {^Contam Int+7}
   (You found it on level 14 of the Dungeon)

   Int+7:     It affects your intelligence (+7).
   ^Contam:   It causes magical contamination when unequipped.
 v - a +1 pair of gloves of strength
   (You found it on level 14 of the Dungeon)
 H - a +2 pair of gloves of infusion
   (You found it on level 3 of the Elven Halls)
 I - +2 gold dragon scales
   (You took it off a deep elf master archer on level 3 of the Elven Halls)
Jewellery
 b - the ring "Fodean" {Ice rElec rN+ rCorr Str-5}
   (You took it off a skeletal warrior on level 14 of the Dungeon)

   [ring of ice]

   Ice:       It enhances your ice magic.
   Str-5:     It affects your strength (-5).
   rF-:       It makes you vulnerable to fire.
   rC+:       It protects you from cold.
   rElec:     It insulates you from electricity.
   rN+:       It protects you from negative energy.
   rCorr:     It protects you from acid and corrosion.
 f - the ring of Yzxomofa {rC+ MP+9 Dex+2}
   (You found it on level 3 of the Lair of Beasts)

   [ring of magical power]

   Dex+2:     It affects your dexterity (+2).
   rC+:       It protects you from cold.
   MP+9:      It affects your magic capacity (+9).
 g - a ring of resist corrosion
   (You found it on level 1 of the Elven Halls)
 h - the ring "Atoineme" (right hand) {rF+ Will+}
   (You found it in a Gauntlet)

   [ring of protection from fire]

   rF+:       It protects you from fire.
   Will+:     It increases your willpower.
 G - the ring of Qealew {*Corrode rN+ Will+ Slay+3}
   (You took it off a deep elf demonologist on level 3 of the Elven Halls)

   [ring of willpower]

   Slay+3:    It affects your accuracy & damage with ranged weapons and melee
   (+3).
   rN+:       It protects you from negative energy.
   Will+:     It increases your willpower.
   *Corrode:  It may corrode you when you take damage.
 R - the ring of Eclashid {Ice rN+ Dex+5 Slay+2}
   (You found it on level 14 of the Dungeon)

   [ring of ice]

   Ice:       It enhances your ice magic.
   Dex+5:     It affects your dexterity (+5).
   Slay+2:    It affects your accuracy & damage with ranged weapons and melee
   (+2).
   rF-:       It makes you vulnerable to fire.
   rC+:       It protects you from cold.
   rN+:       It protects you from negative energy.
 T - the amulet "Roedeo" (around neck) {Reflect rN+ Str+3 SH+5}
   (You found it in an ice cave)

   [amulet of reflection]

   Reflect:   It reflects blocked missile attacks.
   Str+3:     It affects your strength (+3).
   rN+:       It protects you from negative energy.
   SH+5:      It affects your SH (+5).
 W - the ring "Losaruestra" (left hand) {rElec rCorr EV+5 Str+3 Stlth+}
   (You bought it in a shop on level 3 of the Vaults)

   [ring of evasion]

   EV+5:      It affects your evasion (+5).
   Str+3:     It affects your strength (+3).
   rElec:     It insulates you from electricity.
   rCorr:     It protects you from acid and corrosion.
   Stlth+:    It makes you more stealthy.
Wands
 k - a wand of roots (27)
   (You found it on level 5 of the Lair of Beasts)
 m - a wand of mindburst (39)
   (You found it on level 6 of the Dungeon)
 D - a wand of digging (3)
 L - a wand of quicksilver (25)
   (You found it on level 8 of the Dungeon)
 P - a wand of paralysis (68)
   (You took it off Pikel on level 9 of the Dungeon)
Scrolls
 j - 3 scrolls of vulnerability
 n - 3 scrolls of enchant weapon
 u - a scroll of summoning
 w - 7 scrolls of fog
 y - 5 scrolls of poison
 z - 7 scrolls of revelation
 S - 6 scrolls of fear
 U - 10 scrolls of immolation
Potions
 e - 6 potions of enlightenment
 i - 9 potions of resistance
 l - 2 potions of cancellation
 q - 8 potions of lignification
 r - 13 potions of mutation
 A - 4 potions of heal wounds
 B - 4 potions of magic
 C - 6 potions of might
 E - 9 potions of attraction
 K - 7 potions of brilliance
 Q - 11 potions of curing
 V - a potion of ambrosia
Miscellaneous
 N - a sack of spiders
   (You found it on level 1 of the Vaults)
 Y - a tin of tremorstones (2/2)
   (You found it on level 4 of the Shoals)


   Skills:
 - Level 24.0 Fighting
 - Level 22.0 Maces & Flails
 + Level 26.7 Armour
 - Level 10.0 Dodging
 - Level 6.0 Stealth
 - Level 1.0 Spellcasting
 - Level 19.0 Invocations
 - Level 8.0 Evocations


You had 27 spell levels left.
You didn't know any spells.
Your spell library contained the following spells:

 Spells                   Type           Power      Damage    Failure   Level
 Foxfire                  Conj/Fire      0%         2x1d4     56%         1
 Freeze                   Ice            0%         1d3       56%         1
 Magic Dart               Conj           0%         1d3       56%         1
 Sandblast                Erth           0%         2d4       56%         1
 Sting                    Conj/Alch      0%         1d3       56%         1
 Summon Small Mammal      Summ           0%         N/A       56%         1
 Call Imp                 Summ           0%         N/A       71%         2
 Cigotuvi's Dreadful Rot  Necr/Alch/Air  0%         N/A       71%         2
 Ensorcelled Hibernation  Hex/Ice        0%         N/A       71%         2
 Mercury Vapours          Alch/Air       0%         N/A       71%         2
 Searing Ray              Conj           0%         2d4       71%         2
 Static Discharge         Conj/Air       0%         3-3/arc   71%         2
 Sublimation of Blood     Necr           0%         N/A       71%         2
 Call Canine Familiar     Summ           0%         N/A       90%         3
 Dazzling Flash           Conj/Hex       0%         N/A       90%         3
 Frozen Ramparts          Ice            0%         1d1       90%         3
 Fugue of the Fallen      Necr           0%         N/A       90%         3
 Hailstorm                Conj/Ice       0%         3d5       90%         3
 Mephitic Cloud           Conj/Alch/Air  0%         N/A       90%         3
 Passwall                 Erth           0%         N/A       90%         3
 Stone Arrow              Conj/Erth      0%         3d7       90%         3
 Summon Ice Beast         Ice/Summ       0%         N/A       90%         3
 Tukima's Dance           Hex            0%         N/A       90%         3
 Volatile Blastmotes      Fire/Tloc      0%         2d10      90%         3
 Anguish                  Hex/Necr       0%         N/A       100%        4
 Animate Armour           Summ/Erth      0%         N/A       100%        4
 Brom's Barrelling Bould  Conj/Erth      0%         2d3       100%        4
 Fulminant Prism          Conj/Alch      0%         3d5       100%        4
 Ignite Poison            Fire/Alch      0%         N/A       100%        4
 Leda's Liquefaction      Alch/Erth      0%         N/A       100%        4
 Martyr's Knell           Necr/Summ      0%         N/A       100%        4
 Olgreb's Toxic Radiance  Alch           0%         N/A       100%        4
 Passage of Golubria      Tloc           0%         N/A       100%        4
 Sticky Flame             Fire/Alch      0%         2d4       100%        4
 Summon Blazeheart Golem  Fire/Summ      0%         N/A       100%        4
 Summon Lightning Spire   Summ/Air       0%         N/A       100%        4
 Arcjolt                  Conj/Air       0%         1d10      100%        5
 Fireball                 Conj/Fire      0%         3d3       100%        5
 Freezing Cloud           Conj/Ice/Air   0%         6-21      100%        5
 Iskenderun's Battlesphe  Conj           0%         2d6       100%        5
 Lee's Rapid Deconstruct  Erth           0%         3d4*      100%        5
 Silence                  Hex/Air        0%         N/A       100%        5
 Summon Forest            Summ/Tloc      0%         N/A       100%        5
 Summon Mana Viper        Hex/Summ       0%         N/A       100%        5
 Yara's Violent Unravell  Hex/Alch       0%         3d3       100%        5
 Bombard                  Conj/Erth      0%         9d1       100%        6
 Conjure Ball Lightning   Conj/Air       0%         3x3d6     100%        6
 Eringya's Noxious Bog    Alch           0%         4d6       100%        6
 Plasma Beam              Fire/Air       0%         2x1d10    100%        6
 Sculpt Simulacrum        Ice/Alch       0%         N/A       100%        6
 Starburst                Conj/Fire      0%         6d3       100%        6
 Orb of Destruction       Conj           0%         9d5       100%        7
 Summon Hydra             Summ           0%         N/A       100%        7
 Ignition                 Fire           0%         3d3       100%        8
 Lehudib's Crystal Spear  Conj/Erth      0%         10d2      100%        8
 Maxwell's Capacitive Co  Air            0%         ∞         100%        8
 Fire Storm               Conj/Fire      0%         5d1       100%        9
 Blink                    Tloc           Unusable   N/A       N/A         2
 Vhi's Electric Charge    Tloc/Air       Unusable   N/A       N/A         4

Dungeon Overview and Level Annotations

Branches:
Dungeon (15/15) Zot: 24197  Temple (1/1) D:6 Zot: 5998    Lair (5/5) D:9 Zot: 22653
 Shoals (4/4) Lair:3 Zot: 19282  Spider (4/4) Lair:3 Zot: 18520   Slime (0/5) Lair:5
    Orc (2/2) D:10 Zot: 9868     Elf (3/3) Orc:2 Zot: 13214  Vaults (4/5) D:14 Zot: 15582
  Crypt (0/3) Vaults:2     Depths (1/4) D:15 Zot: 4776 Ossuary (visited)
  IceCv (visited)          WizLab (visited)         Gauntlet (visited)

Altars:
Ashenzari
Cheibriados
Dithmenos
Elyvilon
Fedhas
Gozag
Hepliaklqana
Kikubaaqudgha
Makhleb
Nemelex Xobeh
Okawaru
Qazlal
Ru
Sif Muna
Trog
Uskayaw
Vehumet
Wu Jian
Xom
Yredelemnul
Zin
The Shining One
Jiyva

Shops:
D:5 *   D:9 (   D:14 **   Orc:2 :(?!   Elf:1 =   Elf:2 !   Elf:3 =   Shoals:3 *
Vaults:2 :   Vaults:3 :==(!   Vaults:4 [   Depths:1 *

Portals:
Hell: Depths:1

Annotations:
D:5 1 runed translucent door
Lair:2 2 transporters, Legs's ghost, journeyman MiBe
Shoals:3 2 transporters, KappaVara's ghost, adept DsFi
Spider:1 3 runed translucent doors, OlivierBoivin's ghost, adept OnSh
Depths:1 Poanarph's ghost, veteran GrAl


Innate Abilities, Weirdness & Mutations

You cannot be hasted, slowed, berserked, paralysed or teleported.
You can dig through walls and to a lower floor.
You have a pair of large antennae on your head. (SInv)
Your four strong arms can wield two-handed weapons with a shield.
Your body sometimes deteriorates upon taking damage.


Message History

The iron dragon tramples you but does no damage.
You take 6 damage, and have 194/231 hp.
You hit Poanarph's ghost but do no damage.
Poanarph's ghost is heavily damaged.
You feel sick.
You are more poisoned.
Poanarph's ghost hits you but does no damage.
You take 4 damage, and have 190/231 hp.
You impale Poanarph's ghost!!
Poanarph's ghost is severely damaged.
You feel sick.
You are more poisoned.
The iron dragon bites you but does no damage.
The iron dragon claws you but does no damage.
The iron dragon tramples you but does no damage.
The iron dragon breathes metal splinters at you.
The spray of metal splinters hits you!! Poanarph's ghost hits you.
You take 20 damage, and have 170/231 hp.
You puncture Poanarph's ghost!
Poanarph's ghost is severely damaged.
You feel sick.
The iron dragon bites you but does no damage.
The iron dragon claws you but does no damage.
The iron dragon tramples you but does no damage.
You take 1 damage, and have 169/231 hp.
You beat the iron dragon like a drum!!!
You freeze the iron dragon!
The iron dragon is heavily wounded.
You feel sick.
You are more poisoned.
Poanarph's ghost hits you. The iron dragon misses you.
The iron dragon claws you but does no damage.
The iron dragon tramples you.
You stumble backwards!
You take 9 damage, and have 160/231 hp.
You hit the iron dragon but do no damage.
The iron dragon is heavily wounded.
You feel sick.
You are more poisoned.
Poanarph's ghost closely misses you.
The iron dragon breathes metal splinters at you.
The spray of metal splinters hits you!!
You take 27 damage, and have 133/231 hp.
You thump the iron dragon!
The iron dragon is severely wounded.
You feel sick. The iron dragon misses you. The iron dragon closely misses you.
The iron dragon tramples you but does no damage.
Poanarph's ghost hits you but does no damage.
You take 1 damage, and have 132/231 hp.
You puncture the iron dragon! You freeze the iron dragon.
The iron dragon is severely wounded.
You feel sick.
You are more poisoned.
The iron dragon breathes metal splinters at you.
The spray of metal splinters hits you! The iron dragon barely misses you.
The iron dragon misses you.
The iron dragon tramples you but does no damage.
You take 11 damage, and have 121/231 hp.
You skewer the iron dragon like a kebab!!!
You freeze the iron dragon.
You kill the iron dragon!
You feel sick.
You are more poisoned.
Poanarph's ghost barely misses you.
You take 4 damage, and have 117/231 hp.
You thump Poanarph's ghost!
Poanarph's ghost is severely damaged.
You feel very sick.
You are more poisoned.
The iron dragon breathes metal splinters at you.
The spray of metal splinters hits you!
Poanarph's ghost hits you but does no damage.
You take 22 damage, and have 95/231 hp.
You sock the iron dragon! You freeze the iron dragon.
The iron dragon is lightly wounded.
You feel very sick.
You take 2 damage, and have 93/231 hp.
You hit the iron dragon.
The iron dragon is lightly wounded.
You feel sick.
You are more poisoned.
Poanarph's ghost casts a spell.
Poanarph's ghost blinks!
The iron dragon closely misses you. The iron dragon completely misses you.
You block the iron dragon's attack.
You take 3 damage, and have 90/231 hp.
You hit the iron dragon. You freeze the iron dragon.
The iron dragon is lightly wounded.
You feel very sick.
You take 3 damage, and have 87/231 hp.
You impale the iron dragon!! You freeze the iron dragon.
The iron dragon is heavily wounded.
You feel sick.
The iron dragon bites you but does no damage.
The iron dragon claws you but does no damage.
The iron dragon tramples you but does no damage.
You take 1 damage, and have 86/231 hp.
You hit the iron dragon. You freeze the iron dragon.
The iron dragon is heavily wounded.
You feel sick.
You are more poisoned.
The iron giant hits you but does no damage.
You take 4 damage, and have 82/231 hp.
You hit the iron dragon.
The iron dragon is heavily wounded.
You feel very sick.
You are more poisoned.
The iron dragon bites you but does no damage.
The iron dragon claws you but does no damage.
The iron dragon tramples you but does no damage.
Poanarph's ghost hits you!
* * * LOW HITPOINT WARNING * * *
The iron giant closely misses you.
You take 18 damage, and have 64/231 hp.
You puncture the iron dragon!
The iron dragon is heavily wounded.
You feel very sick.
The iron dragon breathes metal splinters at you.
The spray of metal splinters hits you but does no damage.
Poanarph's ghost hits you but does no damage.
You take 2 damage, and have 62/231 hp.
You perforate the iron dragon like a sieve!!!
You freeze the iron dragon!
You kill the iron dragon!
You feel very sick.
* * * LOW HITPOINT WARNING * * *
You are more poisoned.
Poanarph's ghost's toxic aura wanes.
You take 5 damage, and have 57/231 hp.
You sock the iron giant! You freeze the iron giant.
The iron giant is lightly wounded.
You feel very sick.
The iron giant gestures at you while chanting.
The iron shot hits you!!
* * * LOW HITPOINT WARNING * * *
Poanarph's ghost casts a spell.
Poanarph's ghost blinks!
You take 32 damage, and have 25/231 hp.
You stick the iron giant like a pincushion!!!!
You freeze the iron giant!
The iron giant is severely wounded.
You feel very sick.
The iron giant gestures at you while chanting.
The iron shot hits you!
* * * LOW HITPOINT WARNING * * *
You take 17 damage, and have 8/231 hp.
You feel much better.
You feel very sick. The iron giant closely misses you.
You regained 21 hp, and now have 29/231 hp.
A divine shield forms around you!
You feel very sick.
The iron giant points at you and mumbles some strange words.
The iron shot hits you!!!!
You die...

......#...#....#..[#.....#§≈≈.∩..
....%.#...#...###(###....#§§.....
.....[#...#...#.....####'##§≈§§..
......#...#...#.....##....##≈§≈§.
......#...#...#.....##.....##≈§§≈
......)...#...#.....##......####≈
......#...#...#.(W..##........###
......#...#...###[####...........
......#'###....#@†.# #...........
.##'###...#...###C####...........
.'........#...#.....#....#####...
.#........#...#.....#....#...#...
.#........)...#.....#....'...#.>.
.#........#...#$...$#....#...####
.#....<...#...#$=[!$#....#.......
.##'###...################...##..
###..##^..##............##...##..


You could see an iron giant and Poanarph's ghost.

Vanquished Creatures
  Boris (twice) (Vaults:3 Depths:1)
  2 antique champions (WizLab)
  The ghost of Imio the Warrior, an adept DgCj (Depths:1)
  The ghost of Poanarph the Slayer, a veteran GrAl of Kikubaaqudgha (Depths:1)
  Norris (Vaults:4)
  The ghost of peterlawrence the Slayer, an adept MiFi of Okawaru (Vaults:3)
  2 liches (WizLab)
  3 deep elf blademasters
  A kraken (Shoals:3)
  A sphinx (Vaults:1)
  3 ancient champions
  Kirke (D:12)
  2 deep elf master archers (Elf:3)
  Agnes (Elf:2)
  Donald (Spider:1)
  2 storm dragons
  9 deep elf sorcerers
  5 fire giants
  5 emperor scorpions
  2 iron dragons (Depths:1)
  A frost giant (Vaults:3)
  14 vault wardens
  3 ghost moths
  6 deep elf elementalists
  Louise (Spider:1)
  A broodmother (Spider:4)
  2 formless jellyfish
  25 ironbound preservers
  A juggernaut skeleton (WizLab)
  3 stone giants (Depths:1)
  3 ghouls (WizLab)
  A very ugly thing (Vaults:3)
  7 ironbound thunderhulks
  8 deep elf demonologists (Elf:3)
  2 vampire knights
  8 dire elephants
  7 deep elf death magi (Elf:3)
  A war gargoyle (Vaults:1)
  A minotaur (Gauntlet)
  4 spark wasps
  8 deep elf annihilators
  Snorg (D:13)
  5 ettins
  2 merfolk javelineers (Shoals:4)
  4 crystal guardians
  2 deep elf high priests
  Josephine (D:11)
  12 merfolk impalers
  A jiangshi (WizLab)
  9 yaktaur captains
  4 entropy weavers
  A rakshasa (Depths:1)
  Erolcha (D:9)
  2 ice dragons
  5 peacekeepers
  A salamander tyrant (Depths:1)
  5 hydras
  2 spriggan air magi (Depths:1)
  3 great orbs of eyes
  3 ogre magi
  12 vault guards
  A catoblepas (D:14)
  A juggernaut simulacrum (WizLab)
  8 radroaches
  A merfolk avatar (Shoals:4)
  16 centaur warriors
  4 merfolk aquamancers
  21 dancing weapons
  9 boulder beetles
  An alligator snapping turtle (Shoals:1)
  10 ironbound frosthearts
  14 two-headed ogres
  A satyr (Shoals:2)
  A tengu warrior (D:13)
  2 deep troll shamans (Depths:1)
  The ghost of ssalbiz the Thaumaturge, a journeyman DECj of Vehumet (D:11)
  6 death yaks
  14 demonic crawlers
  8 deep troll earth magi (Depths:1)
  Nergalle (D:10)
  Sonja (D:10)
  Urug (D:12)
  26 deep elf knights
  2 salamander mystics (Depths:1)
  3 iron trolls (Depths:1)
  26 skeletal warriors
  6 pharaoh ants
  10 skysharks
  4 sea snakes
  82 deep trolls
  A titan skeleton (Vaults:2)
  7 orb spiders
  2 flayed ghosts
  7 arcanists
  A glowing orange brain (Depths:1)
  An orb spider (shapeshifter) (Elf:2)
  A sun moth (Spider:4)
  2 phantasmal warriors (WizLab)
  8 ironbound convokers
  Pikel (D:9)
  38 deep elf zephyrmancers
  19 lindwurms
  A harpy (shapeshifter) (Elf:3)
  24 harpies
  11 deep elf archers
  30 deep elf pyromancers
  A shadow dragon skeleton (Vaults:2)
  4 steelbarb worms
  A golden dragon skeleton (WizLab)
  4 orc knights
  14 fauns
  A faun (shapeshifter) (Vaults:1)
  12 manticores
  Maurice (D:7)
  25 ugly things
  3 orc sorcerers
  26 wolf spiders
  5 cyclopes
  A shining eye (Gauntlet)
  2 tengu skeletons (Vaults:2)
  4 moths of wrath
  4 salamanders (Depths:1)
  7 merfolk sirens
  4 black mambas
  2 stone giant skeletons
  2 ice statues (IceCv)
  3 meliai (Spider:3)
  20 vault sentinels
  2 human skeletons (Vaults:2)
  10 elephants
  31 slime creatures
  12 water nymphs
  3 torpor snails (Spider:3)
  A smoke demon (Gauntlet)
  2 gargoyles (D:14)
  14 cane toads
  3 freezing wraiths
  2 unseen horrors
  2 kobold demonologists (D:12)
  2 yaktaur skeletons (Vaults:2)
  5 rime drakes
  2 efreet (D:14)
  34 yaktaurs
  An elf skeleton (Vaults:2)
  9 komodo dragons
  3 tengu conjurers
  A red devil (Gauntlet)
  30 merfolk
  5 polar bears
  9 trolls
  6 hornets
  A tyrant leech (Gauntlet)
  12 wind drakes
  9 snapping turtles
  32 tarantellas
  A blink frog (shapeshifter) (Elf:1)
  18 blink frogs
  9 dream sheep (Lair:5)
  An ettin zombie (WizLab)
  A stone giant simulacrum (WizLab)
  An ettin skeleton (Vaults:2)
  33 jumping spiders
  6 wraiths
  12 spriggans (Lair:5)
  22 water elementals
  9 air elementals
  A shadow (D:11)
  27 culicivoras
  6 vampires (WizLab)
  4 fire elementals
  59 yaks
  5 wyverns
  7 wargs
  A golden eye (Gauntlet)
  A steam dragon (D:5)
  A human (D:14)
  6 basilisks
  37 redbacks
  5 vampire mosquitoes
  A deep troll zombie (WizLab)
  4 swamp worms (Gauntlet)
  9 water moccasins
  4 acid dragons
  A two-headed ogre zombie (WizLab)
  A sky beast (D:8)
  5 ice beasts
  2 laughing skulls (D:15)
  21 orc warriors
  6 black bears
  22 ogres
  9 boggarts
  18 wolves (Lair:5)
  26 centaurs
  3 kobold brigands
  3 lemures (D:9)
  11 bullfrogs
  4 elf zombies (Ossuary)
  A gnoll sergeant (D:9)
  4 scorpions
  A two-headed ogre simulacrum (WizLab)
  A cane toad simulacrum (IceCv)
  3 wights (D:7)
  8 killer bees (D:9)
  A bombardier beetle (D:4)
  3 electric eels
  2 howler monkeys (D:6)
  4 crimson imps (Gauntlet)
  2 centaur zombies (Ossuary)
  4 hounds
  19 orc priests
  4 jellies
  2 human zombies (Ossuary)
  Crazy Yiuf (D:7)
  A cyclops simulacrum (WizLab)
  Terence (D:4)
  5 iguanas
  3 sleepcaps
  Natasha (thrice) (D:3)
  27 orc wizards
  A polar bear simulacrum (IceCv)
  A wolf simulacrum (IceCv)
  3 hound zombies (Ossuary)
  2 mummies (Ossuary)
  7 adders
  13 gnolls
  2 shadow imps (D:6)
  2 white imps (D:6)
  4 ufetubi
  4 adder zombies (Ossuary)
  2 dart slugs
  2 ribbon worms
  82 orcs
  8 ball pythons
  5 bats
  9 endoplasms
  4 giant cockroaches
  6 gnoll zombies (Ossuary)
  10 goblins
  9 hobgoblins
  4 jackals (D:5)
  14 kobolds
  4 quokkas
  3 frilled lizards
  A goblin zombie (D:7)
  3 jackal zombies (Ossuary)
  6 kobold zombies (Ossuary)
  7 orc zombies (Ossuary)
  A quokka zombie (D:7)
  5 rats
  A butterfly (Lair:2)
  4 tentacles (Shoals:3)
1805 creatures vanquished.

Vanquished Creatures (collateral kills)
  Mlioglotl (Shoals:1)
  A sphinx (Vaults:4)
  A vault warden (Vaults:3)
  A formless jellyfish (Vaults:4)
  4 ironbound thunderhulks
  A vampire knight (WizLab)
  A great orb of eyes (Vaults:3)
  A peacekeeper (Vaults:4)
  A vault guard (Vaults:3)
  A centaur warrior (Vaults:3)
  A skyshark (Shoals:1)
  A sea snake (Shoals:1)
  A flayed ghost (D:14)
  2 deep trolls (Vaults:1)
  An arcanist (Vaults:1)
  2 ironbound convokers (Vaults:3)
  An ugly thing (Vaults:4)
  7 yaktaurs
  A snapping turtle (Shoals:1)
  A stone giant simulacrum (WizLab)
  3 hogs (D:12)
  A centaur (D:12)
  4 kobold brigands (D:12)
  4 kobolds (D:12)
43 creatures vanquished.

Vanquished Creatures (others)
  28 tentacles (Shoals:3)
28 creatures vanquished.

Grand Total: 1876 creatures vanquished

Notes
Turn   | Place    | Note
-------+----------+-------------------------------------------
     0 | D:5      | mdonais the Formicid Delver began the quest for the Orb.
     0 | D:5      | Reached XP level 1. HP: 18/18 MP: 1/1
     0 | D:5      | Found a glowing golden altar of the Shining One.
    15 | D:5      | Became a worshipper of the Shining One
    35 | D:5      | Noticed an ice beast
    67 | D:5      | Found Capp's Assorted Antiques.
    68 | D:5      | Noticed an ice beast
   152 | D:4      | The Shining One protects you from harm!
   306 | D:4      | Reached XP level 2. HP: 20/24 MP: 2/2
   329 | D:3      | Noticed Terence
   507 | D:2      | Identified the +0 robe of Heclo {rCorr Int-5 Archmagi}
   604 | D:1      | Reached XP level 3. HP: 30/30 MP: 3/3
  1010 | D:1      | Reached * piety under the Shining One
  1528 | D:2      | Reached XP level 4. HP: 37/37 MP: 4/4
  2225 | D:3      | Reached XP level 5. HP: 40/43 MP: 5/5
  2440 | D:3      | Reached skill level 5 in Fighting
  2956 | D:3      | Reached XP level 6. HP: 49/51 MP: 6/6
  3276 | D:3      | Noticed Natasha
  3378 | D:3      | Killed Natasha
  3532 | D:3      | Noticed Natasha
  3538 | D:3      | Killed Natasha
  3595 | D:3      | Noticed Natasha
  3600 | D:3      | Killed Natasha
  4019 | D:4      | Reached skill level 5 in Maces & Flails
  4019 | D:4      | Reached XP level 7. HP: 41/58 MP: 7/7
  4384 | D:4      | Reached skill level 1 in Spellcasting
  4979 | D:4      | Killed Terence
  5066 | D:4      | Reached skill level 1 in Invocations
  5413 | D:5      | Reached XP level 8. HP: 42/67 MP: 7/9
  5676 | D:5      | Found an iron altar of Okawaru.
  5676 | D:5      | Found a runed translucent door.
  5705 | D:5      | Found the +0 toga "Victory" {*Victory Clar}
  5933 | D:5      | Bought a scroll labelled GYHARR LANIENG for 28 gold pieces
  5933 | D:5      | Bought a scroll labelled GYHARR LANIENG for 28 gold pieces
  6194 | D:6      | Reached skill level 1 in Armour
  6227 | D:6      | Reached ** piety under the Shining One
  6228 | D:6      | Reached skill level 2 in Armour
  6444 | D:6      | Found an ancient bone altar of Kikubaaqudgha.
  6693 | D:6      | Reached XP level 9. HP: 71/72 MP: 12/12
  6762 | D:5      | Bought a pair of boots for 126 gold pieces
  6826 | D:5      | Reached skill level 3 in Armour
  6902 | D:6      | Reached skill level 4 in Armour
  7059 | D:6      | Reached skill level 1 in Evocations
  7081 | D:6      | Found an opulent altar of Gozag.
  7135 | D:6      | Found a staircase to the Ecumenical Temple.
  7154 | Temple   | Entered the Ecumenical Temple
  7276 | D:6      | Identified the +1 crystal plate armour "Heutom" {Rampage
                  | rF+++ Str-4 Int+3}
  7323 | D:6      | Identified a scroll of acquirement
  7324 | D:6      | Acquired the +1 pair of gloves of Zin's Wrath {Rampage
                  | rPois}
  7435 | D:6      | Reached skill level 5 in Armour
  7522 | D:6      | Noticed a two-headed ogre
  7525 | D:6      | Killed a two-headed ogre
  7526 | D:6      | Reached skill level 7 in Armour
  7526 | D:6      | Reached XP level 10. HP: 66/80 MP: 13/13
  7745 | D:7      | Found a shimmering blue altar of Sif Muna.
  7746 | D:7      | Found a sand-covered staircase.
  7769 | Ossuary  | Entered an ossuary
  7806 | Ossuary  | Reached *** piety under the Shining One
  7896 | Ossuary  | Reached **** piety under the Shining One
  8245 | D:7      | Found a runed translucent door.
  8246 | D:7      | Noticed Crazy Yiuf
  8298 | D:7      | Reached ***** piety under the Shining One
  8573 | D:7      | Noticed Maurice
  8586 | D:7      | Killed Maurice
  8825 | D:7      | Found a white marble altar of Elyvilon.
  9013 | D:7      | Killed Crazy Yiuf
  9119 | D:8      | Reached skill level 10 in Fighting
  9297 | D:8      | Noticed a cyclops
  9313 | D:8      | Killed a cyclops
  9314 | D:8      | Reached skill level 10 in Maces & Flails
  9603 | D:8      | Reached skill level 8 in Armour
  9603 | D:8      | Reached XP level 11. HP: 89/90 MP: 14/14
  9722 | D:9      | Reached skill level 9 in Armour
  9822 | D:9      | Found a hazy altar of Hepliaklqana.
  9847 | D:9      | Noticed Erolcha
  9850 | D:9      | Killed Erolcha
  9851 | D:9      | Reached skill level 10 in Armour
  9964 | D:9      | Found Ofinoa's Hydra Hut.
  9969 | D:9      | Noticed a six-headed hydra
 10026 | D:9      | Found a staircase to the Lair.
 10323 | D:9      | Noticed Pikel
 10330 | D:9      | Killed Pikel
 10906 | D:10     | Entered Level 10 of the Dungeon
 11275 | D:10     | Found a staircase to the Orcish Mines.
 11395 | D:10     | Noticed Sonja
 11403 | D:10     | Killed Sonja
 11630 | D:10     | Reached XP level 12. HP: 86/100 MP: 15/15
 11761 | D:10     | Noticed Nergalle
 11775 | D:10     | Killed Nergalle
 12024 | D:11     | Noticed a two-headed ogre
 12029 | D:11     | Killed a two-headed ogre
 12193 | D:11     | Noticed a two-headed ogre
 12198 | D:11     | Killed a two-headed ogre
 12333 | D:11     | Found a runed translucent door.
 12338 | D:11     | Noticed ssalbiz's ghost (journeyman DECj)
 12482 | D:11     | Reached skill level 5 in Invocations
 12485 | D:11     | Noticed Josephine
 12492 | D:11     | Killed Josephine
 12857 | D:11     | Killed ssalbiz's ghost
 12954 | Lair:1   | Entered Level 1 of the Lair of Beasts
 13337 | Lair:1   | Noticed a boulder beetle
 13348 | Lair:1   | Killed a boulder beetle
 13349 | Lair:1   | Reached XP level 13. HP: 101/111 MP: 18/18
 13498 | Lair:1   | Identified the +1 robe of Free Will {rF+ Str-2 Dex+2}
 14490 | Lair:2   | Found a bloodstained altar of Trog.
 14498 | Lair:2   | Found a transporter.
 14502 | Lair:2   | Found a transporter.
 14539 | Lair:2   | Noticed Legs's ghost (journeyman MiBe)
 14753 | Lair:3   | Reached skill level 11 in Armour
 14799 | Lair:3   | Found a gate leading to a gauntlet.
 14830 | Gauntlet | Entered a Gauntlet
 14830 | Gauntlet | Found a transporter.
 14906 | Gauntlet | Found a transporter.
 14921 | Gauntlet | Found a transporter.
 14923 | Gauntlet | Found a large runed translucent door.
 14923 | Gauntlet | Found a large runed translucent door.
 14924 | Gauntlet | Found a large runed translucent door.
 14924 | Gauntlet | Found a large runed translucent door.
 14925 | Gauntlet | Found a large runed translucent door.
 14925 | Gauntlet | Found a large runed translucent door.
 14925 | Gauntlet | Found a runed translucent door.
 14925 | Gauntlet | Found a runed translucent door.
 14925 | Gauntlet | Found a large runed translucent door.
 14926 | Gauntlet | Found a transporter.
 14943 | Gauntlet | Found a transporter.
 14957 | Gauntlet | Found a large runed translucent door.
 14958 | Gauntlet | Found a large runed translucent door.
 14959 | Gauntlet | Found a large runed translucent door.
 14959 | Gauntlet | Found a large runed translucent door.
 14960 | Gauntlet | Found a runed translucent gate.
 14961 | Gauntlet | Found a transporter.
 14961 | Gauntlet | Found a runed translucent gate.
 14962 | Gauntlet | Found a runed translucent gate.
 14974 | Gauntlet | Found a large runed translucent door.
 14974 | Gauntlet | Found a large runed translucent door.
 14975 | Gauntlet | Found a large runed translucent door.
 14976 | Gauntlet | Found a large runed translucent door.
 14984 | Gauntlet | Found a transporter.
 14986 | Gauntlet | Found a large runed translucent door.
 15003 | Gauntlet | Found a transporter.
 15011 | Gauntlet | Noticed an entropy weaver
 15015 | Gauntlet | Found a transporter.
 15021 | Gauntlet | Found a transporter.
 15021 | Gauntlet | Found a transporter.
 15036 | Gauntlet | Found a transporter.
 15050 | Gauntlet | Reached ****** piety under the Shining One
 15053 | Gauntlet | Found a transporter.
 15073 | Gauntlet | Found a transporter.
 15098 | Gauntlet | Found a transporter.
 15100 | Gauntlet | Found a transporter.
 15130 | Gauntlet | Found a transporter.
 15222 | Gauntlet | Found a transporter.
 15324 | Gauntlet | Gained mutation: You are clumsy. (Dex -2) [a shining eye]
 15331 | Gauntlet | Got the Quarto of Unified Soot
 15419 | Gauntlet | Identified the ring "Atoineme" {rF+ Will+}
 15425 | Gauntlet | Identified the +1 cloak of the Postmodern Priests {Regen+
                  | Int+5 Dex-4}
 15437 | Gauntlet | Noticed a minotaur
 15443 | Gauntlet | Killed a minotaur
 15444 | Gauntlet | Reached skill level 12 in Armour
 15446 | Gauntlet | Identified the staff "Bug Xoli" {^Contam rPois Int+3 Stlth+
                  | Alchemy}
 15496 | Lair:3   | Noticed a four-headed hydra
 15502 | Lair:3   | Killed a four-headed hydra
 15773 | Lair:3   | Identified the ring of Yzxomofa {rC+ MP+9 Dex+2}
 15921 | Lair:3   | Found a staircase to the Shoals.
 15970 | Lair:3   | Reached XP level 14. HP: 103/120 MP: 19/19
 15978 | Lair:3   | Reached skill level 13 in Armour
 16205 | Lair:3   | Found a hole to the Spider Nest.
 17509 | Lair:5   | Entered Level 5 of the Lair of Beasts
 18358 | Lair:5   | Reached skill level 14 in Armour
 18397 | Lair:5   | Reached skill level 15 in Fighting
 18466 | Lair:5   | Identified the +0 robe of Moral Flaws {Int+2 Archmagi}
 18498 | Lair:5   | Reached skill level 15 in Maces & Flails
 19023 | Lair:5   | Reached XP level 15. HP: 112/129 MP: 20/20
 19338 | Lair:5   | Found a staircase to the Slime Pits.
 19338 | Lair:5   | Found a viscous altar of Jiyva.
 20277 | Lair:5   | Found a staircase to the Slime Pits.
 20332 | Lair:5   | Found a viscous altar of Jiyva.
 20734 | Orc:1    | Entered Level 1 of the Orcish Mines
 20919 | Orc:2    | Entered Level 2 of the Orcish Mines
 20934 | Orc:2    | Found Matwoic's Distillery.
 21597 | Orc:2    | Reached skill level 10 in Invocations
 21983 | Orc:2    | Found Lejel's Antique Weapon Boutique.
 21994 | Orc:2    | Found Zolux's Magic Scroll Boutique.
 21997 | Orc:2    | Found Bummu's Book Emporium.
 21997 | Orc:2    | Found a staircase to the Elven Halls.
 23049 | D:12     | Noticed Kirke
 23050 | D:12     | Noticed Urug
 23057 | D:12     | Noticed a sphinx
 23061 | D:12     | Killed Kirke
 23067 | D:12     | Killed Urug
 23370 | D:12     | Reached XP level 16. HP: 139/139 MP: 24/24
 23864 | D:13     | Reached skill level 15 in Armour
 23963 | D:13     | Found a frozen archway.
 23964 | D:13     | Noticed Snorg
 23974 | D:13     | Killed Snorg
 23987 | IceCv    | Entered an ice cave
 23990 | IceCv    | Found a transporter.
 24167 | IceCv    | Found a transporter.
 24326 | IceCv    | Identified the amulet "Roedeo" {Reflect rN+ Str+3 SH+5}
 25851 | D:14     | Noticed a storm dragon
 25865 | D:14     | Killed a storm dragon
 25875 | D:14     | You fall into a shaft and drop 1 floor!
 25875 | D:15     | Entered Level 15 of the Dungeon
 26216 | D:15     | Found a staircase to the Depths.
 26216 | D:15     | Noticed a fire giant
 26446 | D:15     | Killed a fire giant
 26985 | D:15     | Identified the flux talisman of Hopscotch {rPois rC+ SInv}
 27128 | D:14     | Identified the ring of Eclashid {Ice rN+ Dex+5 Slay+2}
 27218 | D:14     | Reached skill level 16 in Armour
 27387 | D:14     | Reached XP level 17. HP: 125/149 MP: 25/25
 27391 | D:14     | Identified the ring "Fodean" {Ice rElec rN+ rCorr Str-5}
 27553 | D:14     | Identified the +2 pair of boots of Pan-Flutes {^Contam
                  | Int+7}
 27645 | D:14     | Found Veocod Ijeu's General Store.
 27648 | D:14     | Found Reryixuf's Specific Store.
 27937 | D:14     | Found a gate to the Vaults.
 28291 | Spider:1 | Entered Level 1 of the Spider Nest
 28312 | Spider:1 | Reached skill level 5 in Dodging
 28492 | Spider:1 | Noticed Donald
 28505 | Spider:1 | Killed Donald
 28894 | Spider:1 | Noticed Louise
 28903 | Spider:1 | Killed Louise
 29110 | Spider:1 | Found a hide-covered altar of Uskayaw.
 29295 | Spider:1 | Found a runed translucent gate.
 29295 | Spider:1 | Found a runed translucent gate.
 29295 | Spider:1 | Found a runed translucent gate.
 29296 | Spider:1 | Noticed OlivierBoivin's ghost (adept OnSh)
 29665 | Spider:2 | Identified the +7 hand axe of the Harvest {pain, Fly Str+3
                  | Stlth-}
 30107 | Spider:2 | Reached XP level 18. HP: 154/157 MP: 27/27
 30379 | Spider:2 | You fall into a shaft and drop 1 floor!
 31149 | Spider:3 | Reached skill level 5 in Evocations
 31598 | Spider:3 | Identified the serpent talisman of Sept {Str+3 Slay-6 SInv}
 32384 | Spider:4 | Entered Level 4 of the Spider Nest
 33489 | Spider:4 | Reached skill level 17 in Armour
 33574 | Spider:4 | Reached XP level 19. HP: 165/165 MP: 3/29
 33717 | Spider:4 | Got a gossamer rune of Zot
 33864 | Shoals:1 | Entered Level 1 of the Shoals
 33980 | Shoals:1 | Acquired the scarf of the Hairy God {rC+ rF+, Regen+ Str+6
                  | Slay-2 Stlth+}
 34262 | Shoals:1 | Noticed Mlioglotl
 34285 | Shoals:1 | Killed Mlioglotl
 36007 | Shoals:3 | Found a transporter.
 36009 | Shoals:3 | Found a transporter.
 36015 | Shoals:3 | Noticed KappaVara's ghost (adept DsFi)
 36029 | Shoals:3 | Found Baidgh's Overcharged Wands.
 36074 | Shoals:3 | Reached skill level 18 in Armour
 36136 | Shoals:3 | Got Fyrhythri's Octavo of Conjured Unhallowed Mysteries
 36881 | Shoals:4 | Entered Level 4 of the Shoals
 36884 | Shoals:4 | Identified the +3 short sword of Kismet {heavy, ^Contam
                  | rPois Dex+2 Stlth+}
 37210 | Shoals:4 | Reached skill level 15 in Invocations
 37423 | Shoals:4 | Found a blossoming altar of Fedhas.
 37611 | Shoals:4 | Reached XP level 20. HP: 166/175 MP: 31/31
 38126 | Shoals:4 | Got a barnacled rune of Zot
 38558 | Vaults:1 | Entered Level 1 of the Vaults
 39708 | Vaults:1 | Lost mutation: You are clumsy. (Dex -2) [potion of
                  | mutation]
 39708 | Vaults:1 | Gained mutation: Your body sometimes deteriorates upon
                  | taking damage. [potion of mutation]
 39813 | Vaults:1 | HP: 8/176 [centaur warrior/arrow (11)]
 40150 | Vaults:1 | Identified the staff "Ybiassap" {rElec rN+ Will+ Dex+2 Conj
                  | Air}
 40153 | Vaults:1 | Identified the +5 halberd "Hulk" {flame, Dex+2}
 40493 | Vaults:1 | Reached XP level 21. HP: 184/184 MP: 32/32
 40692 | Vaults:2 | Found a magical portal.
 40704 | WizLab   | Entered Zonguldrok's Shrine
 40955 | WizLab   | Noticed an antique champion
 40955 | WizLab   | Noticed an antique champion
 40959 | WizLab   | Identified the +3 tower shield "Goaciuw" {rElec rF+ rC-}
 40969 | WizLab   | Killed an antique champion
 40970 | WizLab   | Killed an antique champion
 40984 | WizLab   | Identified the +0 shadow dragon scales of Bedevilment {Harm
                  | rPois rF+ Will- Stlth++++}
 41503 | Vaults:2 | Reached skill level 10 in Dodging
 41594 | Vaults:2 | Identified the +10 falchion of Conflict {speed, Fly rElec
                  | Str+4 Int-4}
 42196 | Vaults:2 | Reached XP level 22. HP: 153/196 MP: 34/34
 42443 | Vaults:2 | Found a staircase to the Crypt.
 42491 | Vaults:2 | Found Jaufir Urec's Book Emporium.
 42992 | Vaults:3 | Noticed Boris
 43012 | Vaults:3 | Killed Boris
 43329 | Vaults:3 | You fall into a shaft and drop 1 floor!
 43678 | Vaults:4 | Found Yrchimias's Antique Armour Shoppe.
 43689 | Vaults:4 | Bought a runed crystal plate armour for 3652 gold pieces
 43788 | Vaults:4 | Reached skill level 19 in Armour
 44027 | Vaults:4 | Noticed Norris
 44040 | Vaults:4 | Killed Norris
 44041 | Vaults:4 | Reached skill level 20 in Armour
 44138 | Vaults:4 | HP: 8/196 [ironbound thunderhulk/bolt of lightning (41)]
 44157 | Vaults:4 | HP: 9/196 [ironbound thunderhulk/bolt of lightning (33)]
 44164 | Vaults:4 | Reached skill level 21 in Armour
 44989 | Vaults:3 | Reached skill level 22 in Armour
 45001 | Vaults:3 | Reached XP level 23. HP: 186/203 MP: 35/35
 45178 | Vaults:3 | Found Elimilot's Distillery.
 45302 | Vaults:3 | Identified the amulet "Husixtodyu" {Spirit Str+3}
 45321 | Vaults:3 | Reached skill level 23 in Armour
 45481 | Vaults:3 | Found Ycurerih's Jewellery Shop.
 45588 | Vaults:3 | Found Ilahoess's Book Emporium.
 45637 | Vaults:3 | Found Muiwiss's Jewellery Shoppe.
 45687 | Vaults:3 | Found Isoufoan's Antique Weapon Shop.
 45751 | Vaults:3 | Identified the +1 ring mail of Autumn {Harm rN+ Will-
                  | Str+6}
 45798 | Vaults:3 | Found a large runed translucent door.
 45798 | Vaults:3 | Found a large runed translucent door.
 45798 | Vaults:3 | Noticed peterlawrence's ghost (adept MiFi)
 46116 | Vaults:3 | Killed peterlawrence's ghost
 46947 | Vaults:4 | Found Yrchimias's Antique Armour Shoppe.
 47604 | Elf:1    | Entered Level 1 of the Elven Halls
 48286 | Elf:1    | Found Jaentio's Jewellery Shoppe.
 48505 | Elf:1    | Got the Annotations on Familiar Impulse
 48787 | Elf:2    | Acquired 1163 gold pieces
 49078 | Elf:2    | Found a runed translucent gate.
 49078 | Elf:2    | Found a runed translucent gate.
 49079 | Elf:2    | Found a runed translucent gate.
 49209 | Elf:2    | Identified the +0 scale mail of the Beekeeper {-Tele rElec
                  | rN+ Int+6}
 49230 | Elf:2    | Found Esucitt's Distillery.
 49368 | Elf:3    | Entered Level 3 of the Elven Halls
 49493 | Elf:3    | Reached XP level 24. HP: 188/211 MP: 36/36
 49815 | Elf:3    | Found an ancient bone altar of Kikubaaqudgha.
 50152 | Elf:3    | Identified the +3 spear "Leboref" {venom, *Noise rPois
                  | Int+6}
 50859 | Elf:3    | Identified the amulet "Moalim" {RegenMP Str+2 Int+3}
 51019 | Elf:3    | Found Moephup's Jewellery Shoppe.
 51501 | Elf:3    | Identified the ring of Qealew {*Corrode rN+ Will+ Slay+3}
 51739 | Elf:3    | Found the +3 crown of Dyrovepreva {rElec Int+2 SInv}
 51754 | Elf:3    | Identified the staff of Action {*Corrode rC+ Int+4 Fire
                  | Ice}
 51758 | Elf:3    | Identified the +2 short sword of Laceration {pain, Stlth+}
 51790 | Elf:3    | Identified the +3 sling of the Inquisitive Mouths {elec,
                  | rElec Int-5 Stlth+}
 51912 | Elf:3    | Reached skill level 24 in Armour
 51912 | Elf:3    | Reached XP level 25. HP: 223/223 MP: 36/36
 51997 | Elf:2    | Noticed Agnes
 52005 | Elf:2    | Killed Agnes
 52455 | Elf:2    | Bought a potion of heal wounds for 75 gold pieces
 52455 | Elf:2    | Bought a potion of heal wounds for 75 gold pieces
 52455 | Elf:2    | Bought a potion of curing for 45 gold pieces
 52455 | Elf:2    | Bought 2 potions of attraction for 90 gold pieces
 52455 | Elf:2    | Bought a potion of ambrosia for 120 gold pieces
 52455 | Elf:2    | Bought a potion of curing for 45 gold pieces
 52455 | Elf:2    | Bought a potion of attraction for 45 gold pieces
 52455 | Elf:2    | Bought a potion of attraction for 45 gold pieces
 52455 | Elf:2    | Bought a potion of curing for 45 gold pieces
 52784 | Vaults:3 | Bought the ring "Losaruestra" {rElec rCorr EV+5 Str+3
                  | Stlth+} for 1423 gold pieces
 53035 | Depths:1 | Entered Level 1 of the Depths
 53276 | Depths:1 | Reached skill level 25 in Armour
 53589 | Depths:1 | Found Big Baal Hell's Store.
 53605 | Depths:1 | Found a gateway to Hell.
 53642 | Depths:1 | Noticed Boris
 53647 | Depths:1 | Killed Boris
 53648 | Depths:1 | Reached skill level 26 in Armour
 53648 | Depths:1 | Reached XP level 26. HP: 231/231 MP: 36/36
 53914 | Depths:1 | Found a runed translucent door.
 53918 | Depths:1 | Noticed Poanarph's ghost (veteran GrAl)
 54155 | Depths:1 | Killed Poanarph's ghost
 54229 | Depths:1 | Found a runed translucent door.
 54235 | Depths:1 | Noticed Imio's ghost (adept DgCj)
 54261 | Depths:1 | Killed Imio's ghost
 54276 | Depths:1 | Found a runed translucent door.
 54276 | Depths:1 | Noticed Poanarph's ghost (veteran GrAl)
 54308 | Depths:1 | HP: 8/231 [iron giant/iron shot (15)]
 54310 | Depths:1 | Killed from afar by an iron giant

Illustrated notes

Levels and vault maps discovered:
D:1:      dpeg_arrival_round_b, layout_loops_ring
D:2:      layout_basic, kennysheep_generic_room_14
D:3:      layout_rooms, uniq_terence, uniq_natasha
D:4:      layout_cave_pods, amethyst_killhole
D:5:      layout_basic, old_standard_altar,
          nicolae_overflow_guarded_unrand_okawaru_victory,
          minmay_shop_grid_forest
D:6:      minmay_clustersquares, layout_cave_pools, kiku_gazebo_pond_becter,
          grunt_gozag_breadcrumbs, minmay_temple_entry_glass
D:7:      layout_basic, elyvilon_altar_1, mainiacjoe_overflow_cross_hatched,
          enter_ossuary_4, minmay_misc_feat_iff, uniq_maurice,
          uniq_crazy_yiuf_cottage
D:8:      layout_basic, nicolae_figureground_sparkle
D:9:      layout_basic, mainiacjoe_overflow_concentric_impassable,
          david_lair_shrubbed, moated_statue, doesnt_shop_hydraphobe,
          uniq_pikel, uniq_erolcha
D:10:     layout_grid_maze, erik_orc_4, hangedman_abyss_or_decor_stagger,
          uniq_sonja, uniq_nergalle
D:11:     layout_cave_pods, hellmonk_ghost_happy_afterlife, uniq_josephine
D:12:     layout_rooms, lightli_fourway_metalbox, uniq_kirke, uniq_urug
D:13:     layout_layer_cave, portal_ice_cave_entry_pillars_1,
          chequers_serial_rivers_large_a, david_defended_altar_orc, uniq_snorg
D:14:     minmay_strange_plus, layout_basic, grunt_vaults_entry_fortified,
          nicolae_specific_store
D:15:     grunt_enter_depths_giant_problem, layout_loops_ring
Temple:   minmay_freezing_vapour_temple
Lair:1:   layout_chaotic_city, lemuel_fruit_tree
Lair:2:   layout_layer_cave, gammafunk_ghost_wrathful_warriors,
          chequers_serial_rivers_small_a, fungi_pond_lemuel,
          serial_bayou_shore_b, lemuel_fruit_fields
Lair:3:   layout_hall_layers, minmay_shoals_entry_centaurs, spider_nest_entry_a,
          gauntlet_entry_generic
Lair:4:   layout_gridlike
Lair:5:   minmay_lair_end_enchanted_forest, layout_regular_city,
          minmay_slime_entry_pillars
Shoals:1: layout_shoals, uniq_mlioglotl
Shoals:2: layout_shoals, centaur_isle
Shoals:3: layout_shoals, ebering_ghost_davey_jones,
          nicolae_shop_overcharged_wands
Shoals:4: shoals_end_hellmonk_storm_palace [storm_palace_center_circular,
          storm_palace_corner_reverse_hut, storm_palace_corner_grid,
          storm_palace_corner_altar, storm_palace_corner_blocked]
Spider:1: layout_spider_delve, gammafunk_ghost_split,
          nicolae_spider_altar_of_dancing, hangedman_spider_tarantella_strand,
          uniq_donald, uniq_louise
Spider:2: layout_spider_delve
Spider:3: layout_spider_delve, nicolae_spider_bug_shape
Spider:4: guppyfry_spider_rune, einodemon_crawler_minivault
Orc:1:    layout_diamond_mine
Orc:2:    st_orc_open, layout_caves, nicolae_orc_bridge_out
Elf:1:    eino_elf_arrival_the_gate, layout_gridlike, serial_shops,
          nicolae_shop_gaudy_bauble, nicolae_elf_crossing_hall, st_stairs_10,
          minmay_elf_sorcery, grunt_megastairs_4
Elf:2:    elven_hall_of_blades_hangedman_original
          [nicolae_blade_entry_sentries_behind_glass], layout_loops_corners,
          serial_shops, shop, uniq_agnes
Elf:3:    grunt_elf_hall_diamonds, layout_loops_cross, basic_altar,
          serial_shops, shop, minmay_librarian
Vaults:1: v_alt_pattern_2, nicolae_vaults_mush_room, nicolae_vaults_arrows,
          nicolae_vaults_tetromino_T_1, nicolae_vaults_surprise_closet,
          nicolae_vaults_network_barrier, hangedman_vaults_pinch, v_misc_32,
          vaults_dpeg_ring, nicolae_vaults_little_squares_3,
          layout_vaults_omnicross
Vaults:2: mu_enter_wizlab_1, vaults_room_corners, grunt_vaults_funnel,
          nicolae_vaults_tetromino_L_1, nicolae_vaults_windows_and_doors_thing,
          minmay_crypt_entry_skeletal_spiral, v_misc_22,
          nicolae_vaults_little_squares_3, nicolae_vaults_more_shelving_2,
          vaults_mumra_minichess_inversion, grunt_vaults_trifunnel,
          grunt_vaults_hallway_short, v_misc_22, layout_vaults_omnibox,
          serial_shops, nicolae_shop_just_a_little_nook
Vaults:3: advil_vaults_ghost_guards, st_cross, v_misc_10, vaults_mumra_hex,
          v_misc_24, v_misc_13, ontoclasm_vaults_gateway,
          nicolae_vaults_wine_cellar, nicolae_vaults_heart-shaped_vault,
          layout_vaults_omnigrid, serial_shops, nicolae_shop_back_alley_shop,
          nicolae_shop_tiny_real_fake_doors, nicolae_shop_advertising_works
          [nicolae_subvault_shop_adworks], nicolae_shop_industrial_runoff,
          nicolae_shop_window_shopping, uniq_boris
Vaults:4: vaults_room_door_ring, nicolae_vaults_twisting_passages,
          grunt_vaults_focal, nicolae_vaults_layer_cake_slice,
          ontoclasm_vaults_hangar, nicolae_vaults_stairing_the_circle,
          nicolae_vaults_house_2, v_misc_31, vaults_dpeg_hooks,
          nicolae_vaults_trapezoid_4, layout_vaults_chaotic_city, serial_shops,
          nicolae_shop_statue_plus, uniq_norris
Depths:1: layout_gridville, nicolae_hell_entry_big_baal_hell,
          muffindrake_ghost_three_little_ghosts, lemuel_flames_and_gold

Skill      XL: |  1  2  3  4  5  6  7  8  9 10 11 12 13 14 15 16 17 18 19 20 21 22 23 24 25 |
---------------+----------------------------------------------------------------------------+-----
Fighting       | 4 5 6 7 8 10 11 13 14 15 16 17 18 19 20 21 22 24 | 24.0
Maces & Flails | 3 4 5 7 8 10 11 12 14 15 16 18 19 20 21 22 | 22.0
Spellcasting   | 1 |  1.0
Invocations    | 2 4 7 11 12 14 15 16 19 | 19.0
Armour         | 2 7 8 10 12 14 16 17 18 22 23 24 26 | 26.7
Evocations     | 2 4 6 7 8 |  8.0
Dodging        | 2 7 8 10 | 10.0
Stealth        | |  6.0

Action                     |  1- 3 |  4- 6 |  7- 9 | 10-12 | 13-15 | 16-18 | 19-21 | 22-24 | 25-27 || total
---------------------------+-------+-------+-------+-------+-------+-------+-------+-------+-------++-------
  Melee: Mace              |    91 |   146 |    82 |       |       |       |       |       |       ||   319
         Punch             |     1 |     4 |     3 |       |       |       |       |       |       ||     8
         Flail             |       |       |   133 |       |       |       |       |       |       ||   133
         Giant spiked club |       |       |    21 |   424 |   696 |   882 |  1118 |   947 |   223 ||  4311
  Throw: Dart              |       |     2 |     8 |     9 |     1 |     2 |       |       |       ||    22
         Javelin           |       |       |       |       |     2 |     5 |       |       |     3 ||    10
 Invoke: Divine Shield     |       |       |     3 |       |     1 |     2 |     6 |     5 |     1 ||    18
         Summon Divine War |       |       |       |       |     1 |     1 |     4 |     2 |       ||     8
         Cleansing Flame   |       |       |       |       |       |       |     1 |       |       ||     1
Ability: Dig               |       |       |       |       |     2 |     2 |       |     1 |       ||     5
         Shaft Self        |       |       |       |       |       |     2 |       |     1 |       ||     3
  Evoke: Wand              |       |       |       |     3 |     1 |     1 |    11 |       |       ||    16
    Use: Potion            |     2 |     1 |     2 |       |     1 |     3 |     4 |     7 |     1 ||    21
         Scroll            |     2 |     2 |     7 |    13 |    13 |     4 |     5 |     9 |       ||    55
 Armour: Leather armour    |    39 |    79 |       |       |       |       |       |       |       ||   118
         Skin              |     5 |       |     8 |       |       |       |       |       |       ||    13
         Ring mail         |       |     4 |    38 |       |       |       |       |       |       ||    42
         Scale mail        |       |       |    21 |       |       |       |       |       |       ||    21
         Chain mail        |       |       |   107 |   117 |       |       |       |       |       ||   224
         Crystal plate arm |       |       |       |   363 |  1027 |  1232 |  1057 |   612 |   228 ||  4519
         Ice dragon scales |       |       |       |       |       |    34 |       |       |       ||    34
         Shadow dragon sca |       |       |       |       |       |       |   138 |   118 |       ||   256
  Dodge: Dodged            |    53 |   103 |   113 |   154 |   233 |   427 |   503 |   330 |   140 ||  2056
  Block: Other             |       |       |     6 |       |    13 |   151 |   237 |   154 |    36 ||   597
         Reflection        |       |       |       |       |       |     1 |    40 |    17 |       ||    58
